 Dungeon Crawl Stone Soup version 0.24-a0-123-ga2403f3 (webtiles) character file.

Game seed: 0

84 XanderDroid the Chopper (level 4, -2/40 HPs)
             Began as a Minotaur Berserker on Feb 20, 2019.
             Was a Believer of Trog.
             Slain by Natasha (11 damage)
             ... on level 2 of the Dungeon.
             The game lasted 00:03:32 (1306 turns).

XanderDroid the Chopper (Minotaur Berserker)        Turns: 1306, Time: 00:03:33

Health: -2/40      AC:  9    Str: 22    XL:     4   Next: 23%
Magic:  3/3        EV:  9    Int:  4    God:    Trog [**....]
Gold:   94         SH:  0    Dex: 10    Spells: 3/3 levels left

rFire    . . .     SeeInvis .   a - +0 hand axe
rCold    . . .     Gourm    .   (no shield)
rNeg     . . .     Faith    .   g - +0 chain mail
rPois    .         Spirit   .   (helmet restricted)
rElec    .         Reflect  .   (no cloak)
rCorr    .         Harm     .   (no gloves)
MR       .....                  (no boots)
Stlth    ..........             (no amulet)
HPRegen  0.13/turn              (no ring)
MPRegen  0.08/turn              (no ring)

@: slowed, very slow
A: retaliatory headbutt, horns 2
a: Berserk, Trog's Hand, Renounce Religion


You were on level 2 of the Dungeon.
You worshipped Trog.
Trog was pleased with you.
You were not hungry.

You visited 1 branch of the dungeon, and saw 2 of its levels.

You collected 94 gold pieces.

Inventory:

Hand Weapons
 a - a +0 hand axe (weapon)
Armour
 g - a +0 chain mail (worn)
Scrolls
 d - a scroll of blinking {unknown}
 j - 2 scrolls of teleportation {unknown}
 k - a scroll of fear {unknown}
 l - a scroll of noise {unknown}
 n - a scroll of identify {unknown}
Potions
 b - a potion of agility {unknown}
 e - 2 potions of curing {unknown}
 f - a potion of degeneration {unknown}
 h - a potion of magic {unknown}
 i - a potion of haste {unknown}
Comestibles
 c - 5 rations
 m - 2 chunks of flesh


   Skills:
 + Level 4.2 Fighting
 * Level 4.8 Axes
 + Level 3.2 Armour
 + Level 3.0 Dodging


You had 3 spell levels left.
You didn't know any spells.
Your spell library was empty.

Dungeon Overview and Level Annotations

Branches:
Dungeon (2/15)

Altars:
Gozag
Yredelemnul

Shops:
D:2 *

Annotations:
D:2 Natasha


Innate Abilities, Weirdness & Mutations

You reflexively headbutt those who attack you in melee.
You have a pair of horns on your head.


Message History

The white imp gestures at you. The puff of frost hits you.
Natasha casts a spell at you. You resist with some effort.
You closely miss Natasha. Your headbutt misses Natasha.
Natasha is severely wounded.
You closely miss the white imp. The white imp gestures at you.
The puff of frost hits you!
* * * LOW HITPOINT WARNING * * *
Natasha claws you but does no damage.
The white imp hits you but does no damage.
Natasha casts a spell at you. You resist with some effort.
You closely miss Natasha.
Natasha is severely wounded.
You hit the white imp.
You kill the white imp!
Natasha claws you!
You die...

###......# .≈≈≈≈≈≈≈# #.# #
##...###### #.≈.....≈# #.#
#........# #.≈.⌠.⌠.≈####.#
####...####.###.≈..∩..≈.....#
............##..≈.⌠.⌠.≈.....#
................≈.....≈.....#
............##..≈≈...≈≈.....#
####.#......##..h≈._.≈......#
##>###<######..@≈...≈.###### #.##
##.# #...≈≈.≈≈.# ##.###.##
#.........# ####.#.###
#.........########## .........#
##..#.###.##...<...# ...##.##>#
#........##.#####.# ...##.##.#
##.....#.##.##.##.#
......##.##### #..#..............
.[........>..###.......##.##.##.#


You could see Natasha.

Vanquished Creatures
  Natasha (twice) (D:2)
  An adder (D:2)
  A dart slug (D:2)
  2 bats (D:1)
  4 giant cockroaches
  2 hobgoblins (D:1)
  3 kobolds
  A ball python (D:1)
  2 frilled lizards
  3 goblins (D:1)
  5 rats
26 creatures vanquished.

Vanquished Creatures (others)
  4 toadstools (D:1)
4 creatures vanquished.

Grand Total: 30 creatures vanquished

Notes
Turn   | Place    | Note
-------+----------+-------------------------------------------
     0 | D:1      | XanderDroid the Minotaur Berserker began the quest for the
                  | Orb.
     0 | D:1      | Reached XP level 1. HP: 19/19 MP: 0/0
    71 | D:1      | Reached XP level 2. HP: 20/27 MP: 1/1
   981 | D:2      | Found a basalt altar of Yredelemnul.
   997 | D:2      | Reached XP level 3. HP: 33/33 MP: 2/2
  1169 | D:2      | Noticed Natasha
  1174 | D:2      | Killed Natasha
  1181 | D:2      | Reached ** piety under Trog
  1255 | D:2      | Found an opulent altar of Gozag.
  1259 | D:2      | Found Gozag's Platinum Reserve.
  1261 | D:2      | Noticed Natasha
  1269 | D:2      | Killed Natasha
  1269 | D:2      | Reached XP level 4. HP: 40/40 MP: 3/3
  1290 | D:2      | Noticed Natasha
  1306 | D:2      | Slain by Natasha

Levels and vault maps discovered:
D:1:      ldierk_walled_garden_2, layout_basic
D:2:      layout_loops_cross, nicolae_gozag_zags_fifth_avenue,
          nicolae_overflow_hidden_temple, lemuel_crystal_altar,
          gammafunk_temple_overflow_pools, uniq_natasha

Skill      XL: |  1  2  3 |
---------------+----------+-----
Axes           | 4 |  4.8
Fighting       | 4 |  4.2
Armour         | 3 |  3.2
Dodging        | 3 |  3.0

Action                   |  1- 3 |  4- 6 || total
-------------------------+-------+-------++-------
Melee: Hand axe          |    48 |     7 ||    55
       Headbutt          |    10 |     1 ||    11
  Eat: Chunk             |     1 |       ||     1
Armor: Animal skin       |     3 |       ||     3
       Chain mail        |    17 |     5 ||    22
Dodge: Dodged            |    26 |     2 ||    28

Table legend:
 A = Non-vault XP
 B = Vault XP
 C = Vault XP percentage of total XP
 D = Non-vault monster count
 E = Vault monster count
 F = Vault count percentage of total count
                 A         B        C        D         E       F
            +---------+---------+-------+---------+---------+-------
      Total |      85 |      35 |  29.2 |      25 |       1 |   3.8
            +---------+---------+-------+---------+---------+-------
        D:1 |      22 |       0 |   0.0 |      14 |       0 |   0.0
        D:2 |      63 |      35 |  35.7 |      11 |       1 |   8.3
            +---------+---------+-------+---------+---------+-------
